 Dungeon Crawl Stone Soup version 0.17-a0-931-g11a8995 (webtiles) character file.

28 FrankMcFuzz the Poker (level 3, 0/32 HPs)
             Began as a Naga Gladiator on May 5, 2015.
             Slain by a goblin
             ... wielding a +2 dagger of protection
             ... led by Robin
              (1 damage)
             ... on level 1 of the Dungeon.
             The game lasted 00:04:49 (940 turns).

FrankMcFuzz the Poker (Naga Gladiator)               Turns: 940, Time: 00:04:49

Health: 0/32       AC:  3    Str: 18    XL:     3   Next: 12%
Magic:  3/3        EV: 10    Int:  8    God:
Gold:   80         SH:  0    Dex: 11    Spells: 0 memorised, 2 levels left

rFire  . . .     SeeInvis +     a - +0 trident
rCold  . . .     Clarity  .     b - +0 leather armour
rNeg   . . .     SustAb   .     (no shield)
rPois  +         Gourm    .     c - +0 helmet
rElec  .         Spirit   .     (no cloak)
rCorr  .         Warding  .     (no gloves)
rMut   .         Stasis   .     (no barding)
MR     .....                    (no amulet)
Stlth  +.........               (no ring)
                                (no ring)

@: very slow, not resistant to hostile enchantments, very unstealthy
A: see invisible, deformed body, poison resistance, slowness 2, slow metabolism
1, spit poison 2, AC +1
a: Spit Poison


You were on level 1 of the Dungeon.
You were not hungry.

You visited 1 branch of the dungeon, and saw 2 of its levels.

You collected 80 gold pieces.

Inventory:

Hand weapons
 a - a +0 trident (weapon)
Missiles
 d - 3 throwing nets (quivered)
Armour
 b - a +0 leather armour (worn)
 c - a +0 helmet (worn)
Scrolls
 f - a scroll of remove curse {unknown}
 h - a scroll of identify {unknown}
 i - a scroll of fear {unknown}
 j - a scroll of random uselessness {unknown}
Potions
 g - a potion of degeneration {unknown}
 k - a potion of might {unknown}
 l - a potion of cure mutation {unknown}
 m - a potion of ambrosia {unknown}
Comestibles
 e - 2 bread rations


   Skills:
 + Level 2.1 Fighting
 + Level 3.4 Polearms
 + Level 1.8 Throwing
 + Level 0.4 Armour
 + Level 2.8 Dodging
 + Level 0.9 Stealth


You had 2 spell levels left.
You didn't know any spells.

Dungeon Overview and Level Annotations

Branches:
Dungeon (2/15)

Altars:

Annotations:
D:2 Robin


Innate Abilities, Weirdness & Mutations

You cannot wear boots.
Your serpentine skin is tough (AC +1).
You have supernaturally acute eyesight.
Armour fits poorly on your strangely shaped body.
Your system is resistant to poisons.
You cover ground very slowly.
You have a slow metabolism.
You can spit poison.


Message History

* * * LOW HITPOINT WARNING * * *
The goblin hits you but does no damage. The goblin barely misses you.
You hit the goblin but do no damage. The goblin hits you with a club.
* * * LOW HITPOINT WARNING * * *
The goblin hits you but does no damage. The goblin completely misses you.
You closely miss the goblin.
You have got your breath back.
The goblin completely misses you. The goblin hits you but does no damage.
The goblin closely misses you. The goblin barely misses you.
The goblin hits you with a club.
* * * LOW HITPOINT WARNING * * *
The goblin barely misses you. The goblin barely misses you.
You closely miss the goblin. The goblin barely misses you.
You puncture the goblin!
You kill the goblin!
You barely miss the goblin.
The goblin hits you with a dagger of protection.
You die...

##.#.## ##.###.## #.##
##.################# .##
##......##........#
#.#####.###.........###.#########
#...##.#.............##.#........
#...#..#.........)........#######
#....#.#..#.#.#####....รท........#
##.#.#.#..#.#..g@..>.........#..#
##.#.#.#..#...g#####.......#.#..#
..........#.##.# #.......#.#..#
##.#.#.#.##.##.# #....#..#.#..#
#.#.#.#.##.##.#####..###..#.#..#
#.#.#.#.............## #........
#.#(.......##.####.## #........
##.##..(....##.# #..# #.#....##
...##...##..##.#####)####........


You could see 2 goblins.

Vanquished Creatures
  2 giant geckos (D:1)
  3 ball pythons (D:1)
  6 hobgoblins (D:1)
  2 bats (D:1)
  3 giant newts
  4 goblins
  3 kobolds (D:1)
  A rat (D:1)
24 creatures vanquished.

Notes
Turn   | Place    | Note
--------------------------------------------------------------
     0 | D:1      | FrankMcFuzz, the Naga Gladiator, began the quest for the Orb.
     0 | D:1      | Reached XP level 1. HP: 19/19 MP: 1/1
   117 | D:1      | Reached XP level 2. HP: 9/26 MP: 2/2
   623 | D:2      | Noticed Robin
   639 | D:1      | Reached XP level 3. HP: 4/32 MP: 3/3
   933 | D:1      | HP: 1/32 [goblin/club[Robin] (2)]
   940 | D:1      | Slain by a goblin

Action                   || total
-------------------------++-------
Melee: Trident           ||    92
 Abil: Spit Poison       ||     1
